 Dungeon Crawl Stone Soup version 0.15.0-23-gc2b521c (console) character file.

126 gw the Twirler (level 4, -1/38 HPs)
             Began as a Minotaur Gladiator on Sept 9, 2014.
             Slain by a gnoll (3 damage)
             ... on Level 3 of the Dungeon.
             The game lasted 00:01:35 (2198 turns).

gw the Twirler (Minotaur Gladiator)                 Turns: 2198, Time: 00:01:35

HP  -1/38        AC 10     Str 19      XL: 4   Next: 84%
MP   2/2         EV  7     Int  5      God:
Gold 0           SH  0     Dex 12      Spells:  0 memorised,  3 levels left

rFire  . . .     SeeInvis .     a - +0 quarterstaff
rCold  . . .     Clarity  .     n - +0 chain mail
rNeg   . . .     rCorr    .     (no shield)
rPois  .         rRot     .     c - +0 hat
rElec  .         Spirit   .     h - +1 cloak {+Inv}
SustAb .         Warding  .     (no gloves)
rMut   .         Stasis   .     (no boots)
Gourm  .                        (no amulet)
MR     .....                    (no ring)
                                (no ring)

@: constricted, not resistant to hostile enchantments, extremely unstealthy
A: retaliatory headbutt, horns 2
a: Evoke Invisibility


You were on level 3 of the Dungeon.
You were not hungry.

You visited 1 branch of the dungeon, and saw 3 of its levels.

Inventory:

Hand weapons
 a - a +0 quarterstaff (weapon)
Missiles
 d - 3 throwing nets
 i - 23 stones (quivered)
Armour
 c - a +0 hat (worn)
 h - a +1 cloak of darkness (worn)
 n - a +0 chain mail (worn)
Magical devices
 j - a wand of enslavement (13)
Comestibles
 b - a beef jerky
 f - a bread ration
 m - 3 fruits
Scrolls
 e - a scroll of remove curse
 g - 3 scrolls of identify
 k - a scroll of amnesia


   Skills:
 + Level 3.4 Fighting
 * Level 5.0 Staves
 + Level 3.0 Throwing
 + Level 2.1 Armour
 - Level 3.2 Dodging


You had 3 spell levels left.
You didn't know any spells.

Dungeon Overview and Level Annotations

Branches:
Dungeon (3/15)

Altars:

Annotations:
D:3 gw's ghost, average MiFi


Innate Abilities, Weirdness & Mutations

You reflexively headbutt those who attack you in melee.
You have a pair of horns on your head.


Message History

The ball python barely misses you.
MOVING TO (1,2)
The giant gecko bites you but does no damage.
The ball python bites you but does no damage.
The ball python grabs you. The ball python constricts you. The gnoll hits you.
MOVING TO (2,1)
You escape the ball python's grasp.
The gnoll hits you but does no damage.
MOVING TO (1,2)
The ball python bites you but does no damage.
The ball python barely misses you.
The ball python bites you but does no damage.
The ball python grabs you. The ball python constricts you.
MOVING TO (0,1)
You escape the ball python's grasp.
The giant gecko bites you but does no damage.
MOVING TO (-8,0)
The ball python bites you but does no damage.
The ball python grabs you. The ball python constricts you.
The giant gecko bites you. The gnoll hits you.
You die...

.....[.....?+
.#.###......# .#.# ..#...
.#.# ...... .#.#
#.#.####+########
.#.####.#.............#
...........#..........#
.#....#.##.....gSl....###.
...............gH.........
#####.#####..######.######
#... ##.# .# ###.# #.# #
.# #.# # #.. ##. .


You could see 2 gnolls, a giant gecko and a ball python.

Table legend:
 A = Turns spent in this place as a percentage of turns spent in the entire game.
 B = Non-inter-level travel turns spent in this place as a percentage of non-inter-level travel turns spent in the entire game.
 C = Inter-level travel turns spent in this place as a percentage of turns spent in this place.
 D = Turns resting spent in this place as a percentage of non-inter-level travel turns spent in this place.
 E = Turns spent auto-exploring this place as a percentage of non-inter-level travel turns spent in this place.
 F = Non-inter-level travel turns spent in this place divided by the number of levels of this place that you've seen.
                   A       B       C       D       E      F
               +-------+-------+-------+-------+-------+----------------------
         Total | 100.0 | 100.0 |   1.0 |   3.5 |   8.6 | 286.3
       Dungeon | 100.0 | 100.0 |   1.0 |   3.5 |   8.6 | 286.3
               +-------+-------+-------+-------+-------+----------------------

Table legend:
 A = Kills in this place as a percentage of kills in entire the game.
 B = Kills by you in this place as a percentage of kills by you in the entire game.
 C = Kills by friends in this place as a percentage of kills by friends in the entire game.
 D = Other kills in this place as a percentage of other kills in the entire game.
 E = Experience gained in this place as a percentage of experience gained in the entire game.
 F = Experience gained in this place divided by the number of levels of this place that you have seen.
                   A       B       C       D       E      F
               +-------+-------+-------+-------+-------+----------------------
         Total | 100.0 | 100.0 |  -nan |  -nan | 100.0 |  60.3
       Dungeon | 100.0 | 100.0 |  -nan |  -nan | 100.0 |  60.3
               +-------+-------+-------+-------+-------+----------------------

Vanquished Creatures
  Crazy Yiuf (D:2)
  A gnoll (D:3)
  An adder (D:2)
  2 worms (D:2)
  3 giant geckos
  An ooze (D:3)
  5 orcs (D:3)
  4 giant cockroaches
  5 hobgoblins
  12 bats
  5 giant newts
  6 goblins
  6 kobolds
  5 rats
57 creatures vanquished.

Notes
Turn   | Place    | Note
--------------------------------------------------------------
     0 | D:1      | gw, the Minotaur Gladiator, began the quest for the Orb.
     0 | D:1      | Reached XP level 1. HP: 18/18 MP: 1/1
   204 | D:1      | Reached XP level 2. HP: 25/25 MP: 1/1
   246 | D:1      | Reached skill level 1 in Armour
   255 | D:1      | Reached skill level 4 in Staves
   997 | D:2      | Reached XP level 3. HP: 30/30 MP: 2/2
  1146 | D:2      | Noticed Crazy Yiuf
  1155 | D:2      | Killed Crazy Yiuf
  1433 | D:2      | Reached XP level 4. HP: 38/38 MP: 2/2
  2136 | D:3      | Reached skill level 5 in Staves
  2154 | D:3      | Noticed gw's ghost (average MiFi)
  2198 | D:3      | Slain by a gnoll

Action                   |  1- 3 |  4- 6 || total
-------------------------+-------+-------++-------
Melee: Quarterstaff      |    77 |    54 ||   131
Throw: Stone             |    35 |    73 ||   108
Evoke: Wand              |       |     1 ||     1
  Use: Scroll            |     5 |     2 ||     7
       Potion            |     1 |       ||     1
  Eat: Chunk             |     1 |     3 ||     4

Vault maps used:
D:1:      onia_arrival_pentagram
D:2:      uniq_crazy_yiuf_cottage
